 Dungeon Sprint DCSS version 0.30-a0-800-g7c544603b3 (webtiles) character file.

Game seed: 17561799727558777637

7200000 BigDaddyOpFi the Intangible (level 24, -7/208 HPs)
             Began as a Djinni Warper on Feb 23, 2023.
             Was the Champion of Makhleb.
             Mangled by a meat berserker
             ... wielding a +9 battleaxe
              (72 damage)
             ... in the Dungeon (Sprint VIII: "Arena of Blood").
             The game lasted 00:01:57 (72 turns).

BigDaddyOpFi the Intangible (Djinni Warper)           Turns: 72, Time: 00:01:58

Health: -7/208     AC:  6    Str: 10    XL:     24   Next: 98%
Gold:   0          EV: 32    Int: 19    God:    Makhleb [******] SH:  0 Dex: 21

rFire   + + .      SeeInvis .    h - +∞ Axe of Woe
rCold   x . .      Faith    .    (shield currently unavailable)
rNeg    . . .      Spirit   .    a - +0 leather armour
rPois   ∞          Reflect  .    (no helmet)
rElec   .          Harm     .    (no cloak)
rCorr   .          Rampage  .    (no gloves)
Will    ++...      NoTele   +    (boots unavailable)
Stlth   ++++++++++               (no amulet)
HPRegen 0.54/turn                (no ring)
MPRegen 0.00/turn                (no ring)

@: flying, slowed, very slow
A: sickness immunity, fire resistance 2, cold vulnerability 1, float, innate
caster, HP casting, extra vitality 1
a: Renounce Religion, Minor Destruction, Lesser Servant of Makhleb, Major
Destruction, Greater Servant of Makhleb


You were in the Dungeon.
You worshipped Makhleb.
Makhleb was exalted by your worship.
You visited 1 branch

Inventory:

Hand Weapons
 h - the +∞ Axe of Woe (weapon)
   (You found it in the Dungeon)
Missiles
 c - 7 boomerangs of dispersal (quivered)
Armour
 a - a +0 leather armour (worn)
Scrolls
 b - 2 scrolls of blinking
Potions
 d - a potion of curing
 e - a potion of heal wounds
 f - a potion of haste
 g - a potion of berserk rage


   Skills:
 O Level 27 Fighting
 + Level 12.8(15.0) Short Blades
 + Level 12.7(14.9) Long Blades
 O Level 27 Axes
 + Level 11.9(22.0) Maces & Flails
 + Level 11.8(22.0) Polearms
 + Level 12.9(16.9) Staves
 + Level 11.8 Ranged Weapons
 O Level 27 Throwing
 O Level 27 Armour
 O Level 27 Dodging
 O Level 27 Stealth
 + Level 13.9 Shields
 O Level 27 Unarmed Combat
 O Level 27 Spellcasting
 O Level 27 Invocations
 + Level 13.9 Evocations


You knew the following spells:

 Your Spells              Type           Power      Damage    Failure   Level
a - Blink                 Tloc           100%       N/A       0%          2
b - Lesser Beckoning      Tloc           100%       N/A       0%          2
c - Vhi's Electric Charg  Tloc/Air       100%       N/A       0%          3
d - Teleport Other        Tloc           91%        N/A       0%          3
e - Manifold Assault      Tloc           91%        N/A       0%          4
f - Sandblast             Erth           100%       2d20      0%          1
g - Ensorcelled Hibernat  Hex/Ice        100%       N/A       0%          2
h - Poisonous Vapours     Pois/Air       100%       N/A       0%          2
i - Passage of Golubria   Tloc           91%        N/A       0%          4
j - Borgnjor's Vile Clut  Necr/Erth      45%        N/A       0%          5
k - Yara's Violent Unrav  Hex/Tmut       45%        3d18      0%          5
l - Iron Shot             Conj/Erth      45%        9d9       0%          6
m - Ozocubu's Refrigerat  Ice            45%        4d17      1%          7
n - Spellforged Servitor  Conj/Summ      45%        N/A       1%          7
o - Orb of Destruction    Conj           45%        9d12      1%          7
p - Storm Form            Tmut/Air       45%        N/A       1%          7
Your spell library was empty.

Dungeon Overview and Level Annotations

Branches:
Dungeon (1/1)

Altars:
Makhleb


Innate Abilities, Weirdness & Mutations

You are immune to sickness and miasma.
You are immune to poison.
Your flesh is very heat resistant. (rF++)
You are vulnerable to cold. (rC-)
You float through the air rather than walking.
You learn spells naturally, not from books.
Your magical power is your life essence.
You have superior vitality. (+4 MHP)


Message History

* * * LOW HITPOINT WARNING * * *
You hear a shout! x2; You hear two shouts!
You hear a shout! x12
The bag of meat is engulfed in blazing flames.
You hear a shout! x4
Your base Short Blades skill increases to level 12!
Your base Long Blades skill increases to level 12!
Your base Maces & Flails skill increases to level 11!
Your base Polearms skill increases to level 11!
Your base Staves skill increases to level 12!
Your Ranged Weapons skill increases to level 11!
Your Shields skill increases to level 13!
Your Evocations skill increases to level 13!
Unknown command.
Press < or > to pray at altars.
You hit the bag of meat but do no damage.
You pulverise the bag of meat into a thin bloody mist.
You kill the bag of meat!
Makhleb accepts your kill.
You feel better.
You are engulfed in blazing flames.
You resist.
You hear a faint skittering sound.
You hear a shout! x8
A bag of meat comes into view. It is wielding a +9 war axe.
You hear a shout! x5
Unknown command.
Press < or > to pray at altars.
A destroyer and a meat berserker come into view.
The destroyer is wielding a +9 heavy great sword.
You are engulfed in blazing flames.
You resist.
The meat berserker shouts!
You hear a shout! x11
A bag of meat comes into view. It is wielding a +9 war axe.
You hear a shout!
A bag of meat comes into view. It is wielding a +9 war axe.
You hear a shout! x2
The destroyer moves out of view.
You hear a faint skittering sound.
You hear a shout!
Items here: )))))))))))))))))))))) ====================== ††††††.
Unknown command.
You hear a shout! x3
The meat berserker is engulfed in blazing flames.
The meat berserker hits you with a +9 battleaxe!!!!
You die...

...... .. .....
#. ....# #.. ..o#
.. .###.§
...###o..
......###....o...
......_§§O......
#...§@# #_.<§§#
#...))#
......_.....
......###....o.
.###.. ...###.o
#.. ...# . #.
...# .. .....


You could see a meat berserker (berserk) and 3 bags of meat.

Vanquished Creatures
  A hell beast (D)
  A royal mummy (D)
  2 vampire knights (D)
  15 ogres (D)
  A two-headed ogre (D)
  2 liches (D)
  27 orcs (D)
  3 skeletal warriors (D)
52 creatures vanquished.

Notes
Turn   | Place    | Note
-------+----------+-------------------------------------------
     0 | D        | Found the +∞ Axe of Woe
     0 | D        | BigDaddyOpFi the Djinni Warper began the quest for the Orb.
     0 | D        | BigDaddyOpFi set off with the following spells memorised:
                  | Blink, Lesser Beckoning, Vhi's Electric Charge, Teleport
                  | Other, Manifold Assault.
     0 | D        | Reached XP level 1. HP: 18/18 MP: 0/0
     2 | D        | Noticed a bag of meat
     2 | D        | Noticed a bag of meat
     4 | D        | Became a worshipper of Makhleb the Destroyer
     4 | D        | Noticed a bag of meat
     6 | D        | Noticed a bag of meat
     6 | D        | Noticed a bag of meat
     9 | D        | Killed a bag of meat
     9 | D        | Killed a bag of meat
     9 | D        | Reached * piety under Makhleb
     9 | D        | Noticed a meat berserker
    10 | D        | Reached skill level 10 in Fighting
    10 | D        | Reached skill level 10 in Armour
    10 | D        | Reached skill level 10 in Unarmed Combat
    10 | D        | Reached skill level 10 in Invocations
    10 | D        | Reached XP level 2. HP: 36/36 MP: 0/0
    10 | D        | Reached XP level 3. HP: 41/41 MP: 0/0
    10 | D        | Learned a level 1 spell: Sandblast
    10 | D        | Reached XP level 4. HP: 47/47 MP: 0/0
    10 | D        | Reached XP level 5. HP: 52/52 MP: 0/0
    10 | D        | Learned a level 2 spell: Ensorcelled Hibernation
    10 | D        | Reached XP level 6. HP: 58/58 MP: 0/0
    10 | D        | Reached XP level 7. HP: 64/64 MP: 0/0
    10 | D        | Learned a level 2 spell: Poisonous Vapours
    10 | D        | Reached XP level 8. HP: 69/69 MP: 0/0
    10 | D        | Reached XP level 9. HP: 75/75 MP: 0/0
    10 | D        | Learned a level 4 spell: Passage of Golubria
    10 | D        | Reached XP level 10. HP: 81/81 MP: 0/0
    10 | D        | Reached XP level 11. HP: 86/86 MP: 0/0
    10 | D        | Learned a level 5 spell: Borgnjor's Vile Clutch
    10 | D        | Reached XP level 12. HP: 92/92 MP: 0/0
    10 | D        | Killed a bag of meat
    10 | D        | Killed a bag of meat
    10 | D        | Noticed a meat berserker
    11 | D        | Reached skill level 10 in Axes
    11 | D        | Reached skill level 10 in Throwing
    11 | D        | Reached XP level 13. HP: 101/101 MP: 0/0
    11 | D        | Learned a level 5 spell: Yara's Violent Unravelling
    11 | D        | Killed a meat berserker
    11 | D        | Reached ** piety under Makhleb
    12 | D        | Reached skill level 10 in Spellcasting
    12 | D        | Reached XP level 14. HP: 110/110 MP: 0/0
    12 | D        | Noticed a meat berserker
    12 | D        | Killed a bag of meat
    12 | D        | Noticed a meat berserker
    12 | D        | Noticed a bag of meat
    13 | D        | Reached skill level 15 in Dodging
    13 | D        | Killed a meat berserker
    13 | D        | Noticed a bag of meat
    13 | D        | Noticed a meat berserker
    14 | D        | Reached XP level 15. HP: 84/118 MP: 0/0
    14 | D        | Learned a level 6 spell: Iron Shot
    14 | D        | Noticed a meat berserker
    14 | D        | Killed a meat berserker
    14 | D        | Reached *** piety under Makhleb
    15 | D        | Reached skill level 15 in Fighting
    15 | D        | Reached skill level 15 in Armour
    15 | D        | Reached skill level 15 in Unarmed Combat
    15 | D        | Reached skill level 15 in Invocations
    15 | D        | Killed a meat berserker
    16 | D        | Reached XP level 16. HP: 92/128 MP: 0/0
    17 | D        | Killed a meat berserker
    17 | D        | Noticed a destroyer
    18 | D        | Reached skill level 15 in Stealth
    18 | D        | Killed a meat berserker
    18 | D        | Reached **** piety under Makhleb
    19 | D        | Reached XP level 17. HP: 137/137 MP: 0/0
    19 | D        | Learned a level 7 spell: Ozocubu's Refrigeration
    20 | D        | Reached skill level 15 in Axes
    20 | D        | Reached skill level 15 in Throwing
    20 | D        | Killed a destroyer
    21 | D        | Reached skill level 15 in Spellcasting
    21 | D        | Reached XP level 18. HP: 148/148 MP: 0/0
    21 | D        | Reached ***** piety under Makhleb
    22 | D        | Noticed a meat berserker
    24 | D        | Killed a meat berserker
    25 | D        | Reached XP level 19. HP: 157/157 MP: 0/0
    25 | D        | Learned a level 7 spell: Spellforged Servitor
    31 | D        | Noticed a meat berserker
    32 | D        | Noticed a meat berserker
    35 | D        | Killed a meat berserker
    35 | D        | Reached ****** piety under Makhleb
    36 | D        | Noticed a meat berserker
    37 | D        | Killed a meat berserker
    38 | D        | Noticed a sculptor of flesh
    39 | D        | Reached XP level 20. HP: 169/169 MP: 0/0
    41 | D        | Killed a meat berserker
    41 | D        | Noticed a meat berserker
    42 | D        | Noticed a tyrant
    43 | D        | Reached XP level 21. HP: 179/179 MP: 0/0
    43 | D        | Learned a level 7 spell: Orb of Destruction
    43 | D        | Killed a tyrant
    44 | D        | Noticed a meat berserker
    44 | D        | Noticed a meat berserker
    45 | D        | Killed a meat berserker
    46 | D        | Reached skill level 27 in Dodging
    46 | D        | Killed a meat berserker
    46 | D        | Noticed an accursed
    48 | D        | Noticed a tyrant
    50 | D        | Killed a meat berserker
    51 | D        | Reached XP level 22. HP: 161/191 MP: 0/0
    56 | D        | Killed a tyrant
    58 | D        | Noticed a destroyer
    59 | D        | Noticed a meat berserker
    60 | D        | Noticed a meat beast
    60 | D        | Killed an accursed
    60 | D        | Noticed a meat berserker
    61 | D        | Reached skill level 27 in Fighting
    61 | D        | Reached skill level 27 in Armour
    61 | D        | Reached skill level 27 in Unarmed Combat
    61 | D        | Reached skill level 27 in Invocations
    61 | D        | Reached XP level 23. HP: 201/201 MP: 0/0
    61 | D        | Learned a level 7 spell: Storm Form
    62 | D        | Killed a meat beast
    63 | D        | Reached skill level 27 in Axes
    63 | D        | Reached skill level 27 in Throwing
    63 | D        | Reached skill level 27 in Stealth
    63 | D        | Reached skill level 27 in Spellcasting
    63 | D        | Noticed a large bag of meat
    64 | D        | Reached skill level 5 in Shields
    64 | D        | Reached skill level 5 in Evocations
    65 | D        | Reached XP level 24. HP: 208/208 MP: 0/0
    66 | D        | Killed a destroyer
    67 | D        | Reached skill level 10 in Short Blades
    67 | D        | Reached skill level 10 in Long Blades
    67 | D        | Reached skill level 10 in Staves
    68 | D        | Reached skill level 10 in Maces & Flails
    68 | D        | Reached skill level 10 in Polearms
    68 | D        | Reached skill level 10 in Ranged Weapons
    69 | D        | Killed a large bag of meat
    71 | D        | Noticed a destroyer
    72 | D        | Mangled by a meat berserker

Illustrated notes

Levels and vault maps discovered:
D:        meatsprint

Skill      XL: |  1  2  3  4  5  6  7  8  9 10 11 12 13 14 15 16 17 18 19 20 21 22 23 24 |
---------------+-------------------------------------------------------------------------+-----
Fighting       | 10 12 13 14 16 17 19 20 22 24 26 27 | 27.0
Axes           | 8 10 11 12 13 14 16 17 19 20 22 24 27 | 27.0
Throwing       | 8 10 11 12 13 14 16 17 19 20 22 24 27 | 27.0
Armour         | 10 12 13 14 16 17 19 20 22 24 26 27 | 27.0
Dodging        | 11 13 14 16 17 19 20 22 24 26 27 | 27.0
Stealth        | 9 11 12 13 14 16 17 19 20 22 24 26 27 | 27.0
Unarmed Combat | 10 12 13 14 16 17 19 20 22 24 26 27 | 27.0
Spellcasting   | 8 9 10 11 12 14 15 16 18 19 20 23 27 | 27.0
Invocations    | 10 12 13 14 16 17 19 20 22 24 26 27 | 27.0
Short Blades   | 8 12 | 12.8
Long Blades    | 8 12 | 12.7
Maces & Flails | 7 11 | 11.9
Polearms       | 7 11 | 11.8
Staves         | 8 12 | 12.9
Ranged Weapons | 7 11 | 11.8
Shields        | 9 13 | 13.9
Evocations     | 9 13 | 13.9

Action                     |  1- 3 |  4- 6 |  7- 9 | 10-12 | 13-15 | 16-18 | 19-21 | 22-24 || total
---------------------------+-------+-------+-------+-------+-------+-------+-------+-------++-------
  Melee: Executioner's axe |     1 |       |       |     1 |     5 |     8 |    14 |    12 ||    41
   Cast: Spellforged Servi |       |       |       |       |       |       |     2 |       ||     2
         Orb of Destructio |       |       |       |       |       |       |       |     1 ||     1
  Dodge: Dodged            |       |       |       |       |     1 |       |       |     2 ||     3

Table legend: (Time is in decaauts)
 A = Elapsed time spent in this place.
 B = Non-inter-level travel time spent in this place.
 C = Inter-level travel time spent in this place.
 D = Time resting spent in this place.
 E = Time spent auto-exploring this place.
 F = Levels seen in this place.
 G = Mean time per level.
                   A        B        C        D        E       F      G
               +--------+--------+--------+--------+--------+-----+--------+
         Total |     75 |     75 |      0 |      0 |      0 |   1 |   75.0 |
       Dungeon |     75 |     75 |      0 |      0 |      0 |   1 |   75.0 |
               +--------+--------+--------+--------+--------+-----+--------+

Top non-repeatable levels by time:
       D: 75 daAuts
